 Dungeon Crawl Stone Soup version 0.28.0 (webtiles) character file.

Game seed: 1657756232180175686

692 Sanktem7 the Slasher (level 7, -1/62 HPs)
             Began as a Minotaur Fighter on Feb 9, 2022.
             Slain by Grinder (5 damage)
             ... on level 5 of the Dungeon.
             The game lasted 00:07:10 (4272 turns).

Sanktem7 the Slasher (Minotaur Fighter)             Turns: 4272, Time: 00:07:11

Health: -1/62      AC:  7    Str: 22    XL:     7   Next: 36%
Magic:  6/6        EV: 10    Int:  5    God:
Gold:   177        SH:  4    Dex: 10    Spells: 6/6 levels left

rFire   + . .      SeeInvis .   a - +0 long sword
rCold   . . .      Faith    .   c - +0 buckler
rNeg    . . .      Spirit   .   b - +0 scale mail
rPois   .          Reflect  .   (helmet restricted)
rElec   .          Harm     .   v - scarf {repulsion}
rCorr   .          Rampage  .   (no gloves)
Will    .....                   (no boots)
Stlth   ..........              (no amulet)
HPRegen 0.20/turn               o - ring of protection from fire
MPRegen 0.10/turn               (no ring)

@: mighty, repel missiles
A: horns 2, retaliatory headbutt
a: no special abilities


You were on level 5 of the Dungeon.
You visited 1 branch of the dungeon, and saw 5 of its levels.

You collected 177 gold pieces.

Inventory:

Hand Weapons
 a - a +0 long sword (weapon)
Missiles
 y - 2 throwing nets (quivered)
 A - 36 arrows
Armour
 b - a +0 scale mail (worn)
 c - a +0 buckler (worn)
 m - a +0 cloak
 v - a scarf of repulsion (worn)
Jewellery
 o - a ring of protection from fire (left hand)
 s - a ring of wizardry
Wands
 u - a wand of acid (12)
Scrolls
 j - a scroll of silence {unknown}
 k - a scroll of fear {unknown}
 n - a scroll of brand weapon {unknown}
 p - 3 scrolls of identify {unknown}
 q - 2 scrolls of magic mapping {unknown}
 w - a scroll of immolation {unknown}
 x - 2 scrolls of teleportation {unknown}
 z - a scroll of noise {unknown}
Potions
 d - a potion of might
 e - 2 potions of brilliance {unknown}
 f - 2 potions of resistance {unknown}
 g - 7 potions of heal wounds {unknown}
 h - 4 potions of curing {unknown}
 i - a potion of attraction {unknown}
 l - 2 potions of degeneration {unknown}
 r - a potion of lignification {unknown}
 t - a potion of cancellation {unknown}


   Skills:
 * Level 5.7 Fighting
 * Level 7.1 Long Blades
 * Level 5.6 Armour
 + Level 1.7 Dodging
 - Level 0.1 Stealth
 + Level 4.2 Shields


You had 6 spell levels left.
You didn't know any spells.
Your spell library was empty.

Dungeon Overview and Level Annotations

Branches:
Dungeon (5/15)
 Temple: D:4-7

Altars:
Cheibriados
Dithmenos
Fedhas
Makhleb
Qazlal
Wu Jian

Annotations:
D:5 Grinder


Innate Abilities, Weirdness & Mutations

You have a pair of horns on your head.
You reflexively headbutt those who attack you in melee.


Message History

Grinder gestures at you. You resist with significant effort.
The jelly hits you but does no damage.
Grinder grins, showing sharp teeth.
Grinder hits you!
You writhe in agony.
* * * LOW HITPOINT WARNING * * *
You slash the jelly!
You kill the jelly!
Grinder misses you. You furiously retaliate!
You headbutt Grinder. You barely miss Grinder. Your headbutt misses Grinder.
Grinder is lightly wounded.
Grinder hits you.
* * * LOW HITPOINT WARNING * * *
You writhe in agony.
* * * LOW HITPOINT WARNING * * *
You closely miss Grinder.
Grinder is lightly wounded.
The dart slug launches a dart at you.
The slug dart is repelled.
Grinder hits you but does no damage.
You feel very mighty all of a sudden. Grinder gestures at you.
You struggle to resist.
The dart slug launches a dart at you.
The slug dart hits you but does no damage.
You barely miss Grinder.
Grinder is lightly wounded.
Grinder barely misses you.
You barely miss Grinder.
Grinder is lightly wounded.
Grinder hits you but does no damage.
You slash Grinder!
Grinder is heavily wounded.
Grinder hits you.
* * * LOW HITPOINT WARNING * * *
The dart slug completely misses you.
You slash Grinder! Your headbutt misses Grinder.
Grinder is severely wounded.
Grinder hits you.
* * * LOW HITPOINT WARNING * * *
You writhe in agony.
You die...

...###......... .#
#.....#.......##..
#....5............
.................
...............
#..##.........
##..#..(......
#<...5@.......
.........##)w...(...
..###.#.............
#..###........... #.
#............ ..
#............. ..
.............## ...
..............


You could see Grinder and a dart slug.

Vanquished Creatures
  An ice beast (D:4)
  An ogre (D:4)
  4 scorpions
  A jelly (D:5)
  An orc priest (D:4)
  An iguana (D:4)
  3 orc wizards (D:4)
  A scorpion zombie (D:5)
  2 gnolls (D:1)
  An adder skeleton (D:4)
  A worm (D:3)
  2 dart slugs
  9 orcs
  4 bats
  7 endoplasms
  9 giant cockroaches
  11 goblins
  4 hobgoblins
  4 jackals (D:3)
  3 quokkas
  4 ball pythons
  4 frilled lizards
  5 kobolds
  5 rats
88 creatures vanquished.

Notes
Turn   | Place    | Note
-------+----------+-------------------------------------------
     0 | D:1      | Sanktem7 the Minotaur Fighter began the quest for the Orb.
     0 | D:1      | Reached XP level 1. HP: 19/19 MP: 0/0
   204 | D:1      | Reached XP level 2. HP: 27/27 MP: 1/1
   468 | D:1      | Found a faded altar of an unknown god.
   777 | D:2      | Reached XP level 3. HP: 33/34 MP: 2/2
  1771 | D:3      | Reached skill level 3 in Long Blades
  1801 | D:3      | Found a burning altar of Makhleb.
  1801 | D:3      | Found a shadowy altar of Dithmenos.
  1801 | D:3      | Found a snail-covered altar of Cheibriados.
  2008 | D:3      | Noticed a scorpion
  2013 | D:3      | Killed a scorpion
  2014 | D:3      | Reached skill level 5 in Fighting
  2014 | D:3      | Reached XP level 4. HP: 32/42 MP: 3/3
  2241 | D:3      | Found a blossoming altar of Fedhas.
  2410 | D:3      | Reached skill level 4 in Long Blades
  2565 | D:3      | Reached XP level 5. HP: 48/48 MP: 4/4
  2831 | D:4      | Noticed an ogre
  2837 | D:4      | Killed an ogre
  2838 | D:4      | Reached skill level 5 in Long Blades
  2838 | D:4      | Reached XP level 6. HP: 10/56 MP: 5/5
  3011 | D:4      | Reached skill level 5 in Armour
  3291 | D:4      | Noticed an ice beast
  3298 | D:4      | Reached skill level 6 in Long Blades
  3298 | D:4      | Reached skill level 1 in Dodging
  3302 | D:4      | Killed an ice beast
  3303 | D:4      | Reached XP level 7. HP: 43/61 MP: 6/6
  3411 | D:4      | Found a stormy altar of Qazlal.
  3824 | D:4      | Found an ornate altar of the Wu Jian Council.
  4250 | D:5      | Entered Level 5 of the Dungeon
  4251 | D:5      | Noticed Grinder
  4264 | D:5      | Reached skill level 7 in Long Blades
  4272 | D:5      | Slain by Grinder

Illustrated notes

Levels and vault maps discovered:
D:1:      onia_arrival_mini_spirals, layout_loops_ring,
          ebering_ecumenical_altar_box, kennysheep_boxes
D:2:      layout_loops_corners, st_stairs_4
D:3:      kennysheep_six_static_rooms, layout_loops_ring, pf_just_have_faith,
          gammafunk_temple_overflow_forgotten
D:4:      minmay_inner_zag, layout_cave_pools,
          mainiacjoe_overflow_surrounded_room, nicolae_overflow_crystal_walls,
          kennysheep_small_spiral
D:5:      layout_cave_pools, minmay_pentangle, uniq_menkaure, uniq_grinder

Skill      XL: |  1  2  3  4  5  6  7 |
---------------+----------------------+-----
Armour         | 4 5 |  5.6
Fighting       | 4 5 |  5.7
Long Blades    | 3 4 5 6 7 |  7.1
Shields        | 4 |  4.2
Dodging        | 1 |  1.7
Stealth        | |  0.1

Action                   |  1- 3 |  4- 6 |  7- 9 || total
-------------------------+-------+-------+-------++-------
Melee: Long sword        |    78 |    89 |    55 ||   222
       Headbutt          |     9 |    18 |     5 ||    32
  Use: Potion            |       |       |     1 ||     1
Armor: Scale mail        |    31 |    46 |    17 ||    94
Dodge: Dodged            |    29 |    27 |    27 ||    83
       Repelled          |       |       |     3 ||     3
Block: Buckler           |    21 |    15 |     6 ||    42
